 Dungeon Crawl Stone Soup version 0.29.1-15-g9cfb28693d (webtiles) character file.

Game seed: 5320432090751094852

861 Huckebein the Trooper (level 8, -1/51 HPs)
             Began as a Gargoyle Abyssal Knight on May 6, 2023.
             Was a Priest of Lugonu.
             Slain by a gnoll sergeant
             ... wielding a +0 spear
              (10 damage)
             ... on level 5 of the Dungeon.
             The game lasted 00:09:01 (4216 turns).

Huckebein the Trooper (Gargoyle Abyssal Knight)     Turns: 4216, Time: 00:09:03

Health: -1/51      AC: 21    Str: 16    XL:     8   Next: 2%
Magic:  11/11      EV: 12    Int: 14    God:    Lugonu [***...]
Gold:   343        SH:  0    Dex: 12    Spells: 7/7 levels left

rFire   . . .      SeeInvis +   u - +2 flail (protect)
rCold   . . .      Faith    .   (no shield)
rNeg    + . .      Spirit   .   l - +1 leather armour "Okhluxozy" {Fly Int+2 SInv}
rPois   ∞          Reflect  .   (no helmet)
rElec   +          Harm     .   d - +2 cloak
rCorr   .          Rampage  .   h - +0 pair of gloves
Will    .....                   (no boots)
Stlth   ++........              (no amulet)
HPRegen 0.17/turn               (no ring)
MPRegen 0.12/turn               (no ring)

@: under a protective aura, flying
A: sickness immunity, AC +5, negative energy resistance 1, electricity
resistance, torment resistance 1, petrification resistance
a: Renounce Religion, Depart the Abyss, Bend Space, Banish


You were on level 5 of the Dungeon.
You worshipped Lugonu.
Lugonu was most pleased with you.
You visited 1 branch of the dungeon, and saw 5 of its levels.
You visited the Abyss 1 time.

You collected 343 gold pieces.

Inventory:

Hand Weapons
 a - a +1 mace
 f - a +2 mace of protection
 u - a +2 flail of protection (weapon)
Armour
 c - a +0 ring mail
 d - a +2 cloak (worn)
 h - a +0 pair of gloves (worn)
 l - the +1 leather armour "Okhluxozy" (worn) {Fly Int+2 SInv}
   (You found it on level 2 of the Dungeon)

   Int:       It affects your intelligence (+2).
   SInv:      It lets you see invisible.
   Fly:       It grants you flight.
 v - a +0 pair of gloves
 w - a +2 ring mail of positive energy
Magical Staves
 j - a staff of conjuration
Wands
 i - a wand of roots (7)
 B - a wand of flame (14)
Scrolls
 b - 2 scrolls of noise {unknown}
 g - 2 scrolls of brand weapon {unknown}
 m - 3 scrolls of identify {unknown}
 n - 3 scrolls of enchant armour {unknown}
 q - a scroll of teleportation {unknown}
 s - 2 scrolls of poison {unknown}
 t - 2 scrolls of torment {unknown}
 x - a scroll of magic mapping {unknown}
 y - a scroll of summoning {unknown}
 A - a scroll of immolation {unknown}
Potions
 e - 9 potions of curing {unknown}
 k - 2 potions of mutation {unknown}
 o - 4 potions of lignification {unknown}
 p - a potion of degeneration {unknown}
 r - a potion of flight {unknown}
 z - a potion of might {unknown}


   Skills:
 + Level 6.1 Fighting
 + Level 2.6 Maces & Flails
 + Level 4.7 Armour
 + Level 3.2 Dodging
 + Level 2.6 Stealth
 * Level 4.3 Invocations


You had 7 spell levels left.
You didn't know any spells.
Your spell library contained the following spells:

 Spells                   Type           Power      Damage    Failure   Level
 Gell's Gravitas          Tloc           0%         N/A       71%         3
 Lesser Beckoning         Tloc           0%         N/A       71%         3
 Teleport Other           Tloc           0%         N/A       71%         3
 Summon Ice Beast         Ice/Summ       0%         N/A       98%         4
 Summon Mana Viper        Hex/Summ       0%         N/A       100%        5
 Monstrous Menagerie      Summ           0%         N/A       100%        7


Dungeon Overview and Level Annotations

Branches:
Dungeon (5/15)
 Temple: D:4-7

Altars:
Elyvilon


Innate Abilities, Weirdness & Mutations

You are immune to sickness and miasma.
Your stone body is resilient. (AC +5)
You are immune to poison.
You resist negative energy. (rN+)
You are resistant to electric shocks. (rElec)
You are resistant to unholy torment.
You are immune to petrification.


Message History

The gnoll sergeant hits you but does no damage.
You closely miss the phantom.
The phantom is almost destroyed.
The phantom barely misses you. The gnoll sergeant closely misses you.
You thump the phantom!
You destroy the phantom!
Lugonu accepts your kill. The gnoll sergeant barely misses you.
You hit the jelly.
Your hands burn!
The jelly is moderately wounded.
The gnoll sergeant hits you from afar with a +0 spear.
The jelly hits you but does no damage.
You thump the jelly!
Your hands burn!
The jelly is severely wounded.
The gnoll sergeant hits you but does no damage.
The jelly hits you but does no damage. The jelly completely misses you.
The gnoll sergeant hits you from afar with a +0 spear.
You sock the jelly!
You kill the jelly!
Lugonu accepts your kill.
The gnoll sergeant hits you from afar with a +0 spear.
You have reached level 8!
You feel clever.
You hit the phantom but do no damage. The gnoll sergeant closely misses you.
The phantom barely misses you.
You hit the phantom but do no damage.
The gnoll sergeant hits you but does no damage.
The phantom closely misses you.
You barely miss the phantom. The gnoll sergeant barely misses you.
The phantom hits you but does no damage.
The gnoll sergeant barely misses you.
The phantom hits you but does no damage.
You barely miss the phantom.
The gnoll sergeant hits you from afar with a +0 spear!
* * * LOW HITPOINT WARNING * * *
The phantom closely misses you.
You hit the phantom. Your punch misses the phantom.
The phantom is lightly damaged.
The gnoll sergeant hits you from afar with a +0 spear!
You die...

#.# ##'## #.## #.#
#.# #.## #####.##
#.# #... #......#
###### ####
#.###..# #...# .##
#..# #.8.+ #..
#..########...#..#
#.........#...#.#
##.######@Wg8.'#
#.# ###...#..# #.#
#...# ..# ..#
#.8.+ ..# ###
#...# .+ ###### #
#.# #.# ##### #.#


You could see a phantom and a gnoll sergeant.

Vanquished Creatures
  Edmund (D:5)
  An ice beast (D:4)
  2 phantoms
  A necrophage (D:5)
  3 scorpions
  A jelly (D:5)
  2 hounds
  2 iguanas (D:5)
  6 adders
  A shadow imp (D:5)
  A worm (D:3)
  A dart slug (D:1)
  An orc (D:5)
  7 bats
  6 endoplasms
  8 goblins
  7 hobgoblins
  5 jackals
  3 quokkas
  4 ball pythons
  3 frilled lizards
  5 kobolds
  4 rats
75 creatures vanquished.

Notes
Turn   | Place    | Note
-------+----------+-------------------------------------------
     0 | Abyss:1  | Huckebein the Gargoyle Abyssal Knight began the quest for
                  | the Orb.
     0 | Abyss:1  | Reached XP level 1. HP: 14/14 MP: 2/2
     1 | D:1      | Escaped the Abyss
   607 | D:1      | Reached XP level 2. HP: 19/20 MP: 3/3
   682 | D:1      | Reached skill level 4 in Fighting
   915 | D:2      | Reached XP level 3. HP: 23/24 MP: 4/4
   991 | D:2      | Reached *** piety under Lugonu
  1027 | D:2      | Found a faded altar of an unknown god.
  1154 | D:2      | Identified the +1 leather armour "Okhluxozy" {Fly Int+2
                  | SInv}
  1661 | D:3      | Reached XP level 4. HP: 30/30 MP: 5/5
  2098 | D:4      | Reached skill level 1 in Dodging
  2122 | D:4      | Found a white marble altar of Elyvilon.
  2135 | D:4      | Reached skill level 5 in Fighting
  2359 | D:4      | Reached XP level 5. HP: 32/35 MP: 6/6
  2504 | D:4      | Noticed a phantom
  2536 | D:4      | Killed a phantom
  2537 | D:4      | Reached skill level 1 in Stealth
  2715 | D:4      | Reached XP level 6. HP: 40/40 MP: 8/8
  2731 | D:4      | Noticed an ice beast
  2749 | D:4      | Killed an ice beast
  3065 | D:5      | Entered Level 5 of the Dungeon
  3246 | D:5      | Noticed Edmund
  3281 | D:5      | Killed Edmund
  3282 | D:5      | Reached XP level 7. HP: 13/45 MP: 9/9
  4013 | D:5      | Reached skill level 6 in Fighting
  4212 | D:5      | Reached XP level 8. HP: 17/51 MP: 11/11
  4216 | D:5      | Slain by a gnoll sergeant

Illustrated notes

Levels and vault maps discovered:
D:1:      ebering_trefoil_twist, layout_basic
D:2:      layout_loops_ring, hellmonk_ecumenical_altar_lost_god,
          amcnicky_mini_rare_corridor_liquid, minmay_crystal_room
D:3:      layout_basic
D:4:      layout_loops_cross, amcnicky_altar_gilded,
          hangedman_abyss_or_decor_lesser_grid
D:5:      minmay_chambers_of_threes, layout_loops_corners, serial_glass,
          glass_columns_a, glass_columns_a, uniq_edmund

Skill      XL: |  1  2  3  4  5  6  7 |
---------------+----------------------+-----
Fighting       | 4 5 6 |  6.1
Dodging        | 1 2 3 |  3.2
Armour         | 3 4 |  4.7
Stealth        | 1 2 |  2.6
Invocations    | 3 4 |  4.3
Maces & Flails | |  2.6

Action                   |  1- 3 |  4- 6 |  7- 9 || total
-------------------------+-------+-------+-------++-------
Melee: Mace              |    92 |   166 |       ||   258
       Punch             |     2 |     2 |     1 ||     5
       Flail             |       |       |    79 ||    79
 Stab: Sleeping          |     1 |       |       ||     1
Armor: Ring mail         |    40 |       |       ||    40
       Leather armour    |    13 |   107 |    54 ||   174
Dodge: Dodged            |    56 |   134 |    73 ||   263
